 Dungeon Crawl Stone Soup version 0.15-a0-58-gfb3cfe9 (webtiles) character file.

519469 Egon the Acrobat (level 25, -2/131 HPs)
             Began as a Felid Transmuter on Mar 29, 2014.
             Was the Champion of Nemelex Xobeh.
             Slain by a stone giant (43 damage)
             ... on Level 3 of the Depths on Apr 5, 2014.
             The game lasted 09:52:56 (111942 turns).

Egon the Acrobat (Felid Transmuter)               Turns: 111942, Time: 09:52:58

HP  -2/131       AC  3     Str 10      XL: 25   Next:  0%
MP  35/38        EV 39     Int 19      God: Nemelex Xobeh [******]
Gold 2125        SH  0     Dex 20      Spells:  6 memorised, 17 levels left
Lives: 0, deaths: 4

rFire  . . .     SeeInvis +       - Unarmed
rCold  + . .     Clarity  +     (armour unavailable)
rNeg   . . .     Conserve .     (shield unavailable)
rPois  +         rCorr    .     (helmet unavailable)
rElec  .         rRot     .     (cloak unavailable)
SustAb . .       Spirit   .     (gloves unavailable)
rMut   .         Warding  .     (boots unavailable)
Saprov . . .     Stasis   .     y - amulet of clarity
MR     +++..                    B - +4,+3 ring of slaying
                                E - ring of poison resistance

@: repel missiles, about to teleport, quick, extremely resistant to hostile
enchantments, extraordinarily stealthy
A: paw claws, no armour, no weapons or thrown items, fangs 3, see invisible,
carnivore 3, deformed body, speed 1, mutation resistance 1, shaggy fur 3, slow
metabolism 1, jump 3
a: Jump Attack, Draw One, Peek at Two, Triple Draw, Deal Four, Stack Five,
Renounce Religion
}: 1/15 runes: serpentine


You were on level 3 of the Depths.
You worshipped Nemelex Xobeh.
Nemelex Xobeh was exalted by your worship.
You were full.

You visited 8 branches of the dungeon, and saw 45 of its levels.
You also visited: Ice Cave and Wizlab.

You collected 4850 gold pieces.
You spent 2493 gold pieces at shops.

Inventory:

Magical devices
 c - a wand of invisibility (1)
 f - a wand of disintegration (14)
 s - a wand of teleportation (3)
 S - a wand of digging (11)
Comestibles
 a - 4 meat rations
Scrolls
 d - 2 scrolls of magic mapping
 h - a scroll of identify
 n - 5 scrolls of remove curse
Jewellery
 u - a +5 ring of strength
 y - an amulet of clarity (around neck)
 B - a +4,+3 ring of slaying (right paw)
 C - an uncursed ring of flight
 E - a ring of poison resistance (left paw)
 I - an uncursed ring of positive energy
 J - an uncursed ring of protection from fire
Potions
 b - 3 potions of curing
 i - a potion of resistance
 k - a potion of heal wounds
Books
 g - a book of the Dragon

   Spells                             Type                      Level
   Flight                             Charms/Air                   3
   Cause Fear                         Hexes                        4
   Bolt of Fire                       Conjuration/Fire             6
   Dragon Form                        Transmutation                7
   Dragon's Call                      Summoning                    9
 l - a book of Minor Magic

   Spells                             Type                      Level
   *Magic Dart                        Conjuration                  1
   *Blink                             Translocation                2
   Call Imp                           Summoning                    2
   *Repel Missiles                    Charms/Air                   2
   Slow                               Hexes                        2
   Conjure Flame                      Conjuration/Fire             3
   Mephitic Cloud                     Conjuration/Poison/Air       3
Miscellaneous
 e - an ornate deck of escape {drawn: 3}
 j - a legendary deck of escape {drawn: 2}
 m - a legendary deck of summonings {drawn: 1}
 o - a plain deck of summonings {drawn: 2}
 p - an ornate deck of destruction {drawn: 4}
 q - a legendary deck of escape {drawn: 1}
 r - a fan of gales
 w - a legendary deck of escape {drawn: 1}
 z - a legendary deck of destruction {drawn: 3}
 A - a fan of gales
 F - a legendary deck of escape {drawn: 4}
 H - an ornate deck of summonings
 P - a legendary deck of destruction {drawn: 3}
 U - a legendary deck of summonings {drawn: 1}
 Z - a legendary deck of destruction {drawn: 1}


   Skills:
 + Level 22.8 Fighting
 + Level 24.0 Dodging
 - Level 14.5 Stealth
 + Level 22.9 Unarmed Combat
 - Level 5.1 Spellcasting
 - Level 12.1 Charms
 - Level 11.7 Transmutations
   Level 4.2 Ice Magic
   Level 4.1 Invocations
 - Level 11.3 Evocations


You had 17 spell levels left.
You knew the following spells:

 Your Spells              Type           Power        Failure   Level  Hunger
a - Beastly Appendage     Trmt           #####.       1%          1    None
b - Blade Hands           Trmt           #####.....   2%          5    #####..
d - Magic Dart            Conj           #...         14%         1    None
e - Repel Missiles        Chrm/Air       ####..       1%          2    None
h - Haste                 Chrm           ######..     17%         6    #######
k - Blink                 Tloc           N/A          21%         2    None


Dungeon Overview and Level Annotations

Branches:
Dungeon (15/15)            Temple (1/1) D:6             Orc (4/4) D:11
    Elf (0/3) Orc:3          Lair (8/8) D:9           Swamp (5/5) Lair:5
  Snake (5/5) Lair:4        Slime (0/6) Lair:7       Vaults (4/5) D:13
  Blade (0/1) Vaults:4      Crypt (0/5) Vaults:2     Depths (3/5) D:15

Altars:
Ashenzari
Cheibriados
Dithmenos
Elyvilon
Fedhas
Kikubaaqudgha
Makhleb
Nemelex Xobeh
Okawaru
Sif Muna
Trog
Vehumet
Xom
Yredelemnul
Zin
The Shining One
Beogh

Shops:
D:4 ?   D:6 %   Orc:1 !   Orc:2 %   Orc:4 :([*   Snake:4 [   Vaults:2 (
Vaults:4 [   Depths:2 %![[:

Portals:
Hell: Depths:1 Depths:2
Pandemonium: Depths:1 Depths:2 Depths:3
Ziggurat: Depths:1
Trove: D:13 (show abyssal rune of Zot)

Annotations:
Swamp:5 Lernaean hydra
Depths:2 exclusion: 4 oklob plants


Innate Abilities, Weirdness & Mutations

You cannot wear armour.
You are incapable of wielding weapons or throwing items.
Your paws have sharp claws.
You have razor-sharp teeth.
You have supernaturally acute eyesight.
You are carnivorous and can eat meat at any time.
You cover ground quickly.
Your thick and shaggy fur keeps you warm (AC +3, rC+).
You have a slow metabolism.
You can jump attack at a long distance.
Your body is misshapen.
You are somewhat resistant to further mutation.


Message History

There is an open door, spattered with blood here.
You close the door.
Use which ability? (? or * to list) Draw from which deck? (? for menu, Esc to quit)
You draw a card...
It is Swap.
You spin around.
You hear a distant "Zot"!
You start resting.
A stone giant opens the door.
Use which ability? (? or * to list) Draw from which deck? (? for menu, Esc to quit)
You draw a card...
It is the Portal.
You blink.
You feel strangely unstable.
You feel your translocation being delayed.
The stone giant hits you!
You mangle the stone giant!!
The stone giant begins to bleed from its wounds!
You claw the stone giant.
The stone giant is moderately wounded.
The stone giant hits you!
You die...
Your body glows slightly and disappears.

#.......######....####.#
#.......# ##....#######
####....####......'...###
#.....##......######.#
#..............####..#
#...................##
#.......####........##
#......######........#
#......C@...##.......#
#.....)######........#
#.).....####.......≈.#
#.................≈≈.#
.......'.................≈≈≈#
'###'##.................≈≈≈#
#. #..###...........≈≈≈≈# .'
#### ####.......≈≈≈≈≈ . ##..
.≈≈


You could see a stone giant (bleeding).

Vanquished Creatures
  Saint Roka (Depths:2)
  the Enchantress (Depths:2)
  2 bone dragons
  Vashnia (Snake:4)
  A tentacled monstrosity (WizLab)
  3 sphinxes
  Agnes (Depths:2)
  A thorn hunter (Swamp:4)
  A shadow dragon (Depths:3)
  3 tengu reavers (Vaults:4)
  6 greater nagas
  A frost giant (Depths:1)
  3 fire giants
  Maud (Lair:5)
  A balrug (WizLab)
  3 orc warlords
  7 vault wardens
  4 deep elf sorcerers
  3 emperor scorpions
  2 spriggan defenders
  2 war gargoyles (Depths:3)
  2 deep elf demonologists (Vaults:2)
  9 stone giants
  4 rakshasas
  A vampire knight (Depths:1)
  Azrael (Snake:4)
  A pale draconian (D:12)
  2 dire elephants
  A purple draconian (Lair:2)
  A deep elf annihilator (Vaults:3)
  4 deep elf death magi
  Snorg (Lair:7)
  A minotaur (Depths:1)
  A crystal guardian (Vaults:4)
  An eidolon (WizLab)
  3 ettins
  2 merfolk javelineers (Depths:2)
  A jiangshi (Vaults:2)
  7 vault guards
  2 great orbs of eyes
  12 yaktaur captains
  3 fire dragons
  12 ironheart preservers
  3 ice dragons
  A quicksilver dragon zombie (Depths:2)
  19 naga warriors
  19 hydras
  2 spriggan air magi (Depths:2)
  4 dancing weapons
  6 alligators
  A ravenous item mimic (Vaults:4)
  14 anacondas
  11 ogre magi
  4 deep troll earth magi
  2 shambling mangroves
  21 death yaks
  3 tengu warriors (D:14)
  11 shock serpents
  5 deep troll shamans
  4 orc high priests
  2 spectral elves
  3 hell knights (Depths:3)
  16 centaur warriors
  3 catoblepae
  A vampire mage (D:15)
  23 naga sharpshooters
  7 very ugly things
  7 spriggans
  Nergalle (Lair:4)
  2 thrashing horrors (WizLab)
  A deep elf knight (Vaults:4)
  2 fire crabs
  A fire crab (shapeshifter) (D:13)
  6 iron trolls
  4 salamander mystics
  14 skeletal warriors
  2 death drakes (shapeshifter)
  4 shadow wraiths
  A spectral anaconda (Depths:3)
  2 death drakes
  10 sea snakes
  4 unseen horrors
  5 giant orange brains
  A spriggan druid (Swamp:4)
  2 flayed ghosts
  19 deep trolls
  8 naga ritualists
  3 harpies (Vaults:2)
  21 ironbrand convokers
  A swamp dragon (shapeshifter) (Depths:2)
  3 wizards
  13 swamp dragons
  A shadow demon (Depths:2)
  6 hill giants
  A torturous demonspawn (Depths:2)
  An anaconda skeleton (WizLab)
  16 orc knights
  8 wolf spiders
  3 deep elf summoners
  5 necromancers
  4 deep elf conjurers
  5 lindwurms
  A flaming corpse (Vaults:2)
  4 griffons
  11 mana vipers
  5 orc sorcerers
  A frost giant zombie (Depths:2)
  5 phantasmal warriors
  11 cyclopes
  47 black mambas
  10 salamanders
  2 sixfirhies
  A red wasp (shapeshifter) (D:14)
  8 red wasps
  8 elephants
  A black mamba (shapeshifter) (Vaults:2)
  An octopode (shapeshifter) (Vaults:4)
  3 manticores
  A frost giant skeleton (WizLab)
  9 guardian serpents
  12 vault sentinels
  A stone giant skeleton (D:15)
  2 gargoyles
  2 human skeletons
  22 naga magi
  2 efreet
  17 spiny frogs
  7 vapours
  A feature mimic (D:11)
  An orange demon (WizLab)
  Psyche (D:10)
  An emperor scorpion zombie (D:15)
  3 kobold demonologists
  24 yaktaurs
  2 hellwings
  5 freezing wraiths
  A fire drake (Lair:8)
  2 guardian mummies (D:12)
  14 two-headed ogres
  An iron devil (WizLab)
  An anaconda simulacrum (Depths:3)
  An ancient zyme (WizLab)
  2 demonic crawlers (WizLab)
  12 trolls
  2 tengu conjurers
  7 boggarts
  5 deep elf priests
  16 giant fireflies
  12 komodo dragons
  A queen bee (D:15)
  A red devil (Vaults:4)
  4 giant leeches
  Sonja (D:12)
  2 polar bears (Depths:2)
  14 blink frogs
  9 bog bodies
  A merfolk (D:12)
  A jumping spider (Vaults:2)
  A raiju (WizLab)
  10 boulder beetles
  An ice dragon zombie (D:15)
  4 brown oozes (Lair:7)
  35 slime creatures
  A fire dragon zombie (D:15)
  4 baby alligators (Swamp:3)
  15 ravens
  A blink frog (shapeshifter) (Depths:2)
  A raven (shapeshifter) (Vaults:3)
  3 basilisks
  A trapdoor spider (shapeshifter) (D:15)
  9 sharks
  3 wyverns
  2 vampires
  A formicid (shapeshifter) (Vaults:3)
  2 ettin skeletons
  8 deep elf magi
  5 shadows
  4 thorn lotuses
  2 water elementals
  46 yaks
  45 ugly things
  4 air elementals
  An elephant slug (Lair:8)
  2 ynoxinuls
  2 hungry ghosts
  2 hill giant zombies (D:11)
  7 redbacks (Vaults:2)
  7 wraiths
  4 fire bats (Lair:4)
  A tarantella (shapeshifter) (Vaults:4)
  6 fire elementals
  An emperor scorpion simulacrum (Depths:2)
  27 vampire mosquitoes
  16 wolves
  A steam dragon (D:10)
  10 deep elf fighters
  46 nagas
  11 hippogriffs
  2 hill giant skeletons
  An iron troll simulacrum (Vaults:4)
  29 swamp worms
  5 spatial vortices (WizLab)
  2 neqoxecs
  A necrophage (D:10)
  5 wargs
  2 mottled dragons
  2 human zombies
  An orange crystal statue (Depths:3)
  An ogre skeleton (D:13)
  47 water moccasins
  6 porcupines
  A hydra simulacrum (Depths:3)
  An ettin simulacrum (Vaults:3)
  4 hell hounds
  A small abomination (WizLab)
  4 black bears
  8 spiders
  An elf zombie (Vaults:4)
  44 orc warriors
  22 swamp drakes
  7 ice beasts
  4 sky beasts
  A boring beetle (Lair:8)
  11 yellow wasps
  13 centaurs
  34 ogres
  7 giant goldfish
  A manticore skeleton (D:15)
  5 phantoms
  2 big kobolds
  A hill giant simulacrum (D:14)
  2 lava worms (D:7)
  22 crocodiles
  7 giant slugs
  A brain worm (D:15)
  23 insubstantial wisps
  18 giant frogs
  2 cyclops zombies
  4 scorpions
  7 jellies
  A cyclops skeleton (D:13)
  An eye of draining (D:15)
  A yak zombie (D:11)
  30 killer bees
  A hippogriff skeleton (D:12)
  A troll skeleton (D:13)
  5 crimson imps
  A centaur zombie (D:5)
  10 wights
  A black bear zombie (D:3)
  2 giant frog zombies
  19 orc priests
  7 goliath beetles
  14 electric eels
  2 elf skeletons
  15 hounds
  18 big fish
  2 centaur skeletons
  3 quasits
  13 worker ants
  36 orc wizards
  14 iguanas
  5 orange rats (Lair:8)
  23 sheep
  6 ogre zombies (D:11)
  3 hound skeletons
  4 mummies (D:12)
  3 gnolls (D:3)
  A scorpion zombie (D:8)
  A steam dragon zombie (D:5)
  35 adders
  4 orc skeletons
  16 orc zombies
  3 shadow imps
  47 green rats
  A goliath beetle zombie (D:13)
  6 worms
  A worm (shapeshifter) (Vaults:1)
  An adder skeleton (D:8)
  An adder zombie (D:5)
  An iguana skeleton (D:11)
  3 giant eyeballs
  12 giant geckos
  2 oozes
  161 orcs
  17 bats
  25 goblins
  19 hobgoblins
  39 jackals
  19 kobolds
  13 quokkas
  2 ball pythons
  6 giant cockroaches
  A giant mite zombie (D:7)
  5 giant newts
  4 giant spores
  A gnoll skeleton (D:7)
  A goblin skeleton (D:11)
  2 goblin zombies (D:11)
  3 hobgoblin skeletons
  3 hobgoblin zombies (D:11)
  A quokka zombie (D:9)
  29 rats
  22 ballistomycetes
  2 fungi
  3 plants
2302 creatures vanquished.

Vanquished Creatures (collateral kills)
  2 frost giants
  A vault warden (Vaults:3)
  A greater naga (Snake:5)
  A fire giant (Vaults:4)
  The ghost of Psiweapon the Black Belt, a powerful DsTm of Cheibriados (Snake:2)
  A spriggan defender (Depths:2)
  A yaktaur captain (Vaults:2)
  A vault guard (Vaults:1)
  2 ettins (Vaults:3)
  2 ironheart preservers (Vaults:3)
  An ogre mage (Vaults:1)
  An anaconda (Snake:5)
  A spriggan air mage (Depths:2)
  4 hydras
  2 dancing weapons (Vaults:4)
  Erica (D:11)
  An alligator (Swamp:3)
  A death yak (Depths:2)
  A thrashing horror (WizLab)
  A very ugly thing (Vaults:4)
  2 skeletal warriors
  An unseen horror (D:7)
  3 deep trolls
  A naga ritualist (Snake:3)
  The ghost of 4tharraofdagon the Grappler, an experienced TrMo of Cheibriados (D:8)
  A tengu zombie (Vaults:2)
  2 hill giants (D:10)
  An orc sorcerer (Depths:2)
  4 orc knights
  2 ironbrand convokers
  2 mana vipers
  A shining eye (shapeshifter) (Vaults:3)
  5 red wasps
  A cyclops (D:7)
  2 vault sentinels
  4 black mambas
  2 salamanders (Snake:3)
  A yaktaur (Vaults:1)
  A spiny frog (Lair:3)
  A gargoyle (D:9)
  A yaktaur (shapeshifter) (Vaults:2)
  A freezing wraith (Vaults:4)
  A guardian mummy (D:12)
  3 trolls
  3 giant fireflies
  A polar bear (Depths:3)
  A slime creature (Vaults:3)
  6 two-headed ogres
  2 blink frogs
  3 komodo dragons
  A basilisk (Lair:2)
  A baby alligator (Swamp:3)
  2 ravens (D:13)
  3 spriggans
  A spriggan skeleton (Depths:2)
  A deep elf mage (Vaults:2)
  A shark (D:9)
  2 hippogriffs
  4 yaks (Lair:3)
  17 ugly things
  A swamp worm (Swamp:2)
  A deep elf fighter (Vaults:2)
  A wolf (D:9)
  5 nagas
  8 vampire mosquitoes
  A warg (Orc:4)
  3 water moccasins
  2 mottled dragons (Lair:8)
  A black bear (D:7)
  A porcupine (Lair:3)
  7 orc warriors
  An ice beast (D:11)
  A phantom (D:8)
  A swamp drake (Lair:8)
  2 yellow wasps
  4 ogres
  A centaur (shapeshifter) (Vaults:4)
  An elf skeleton (Vaults:1)
  2 centaurs
  A big kobold (D:7)
  A crocodile (Lair:1)
  A giant frog (shapeshifter) (Vaults:4)
  A wyvern zombie (D:7)
  4 insubstantial wisps
  4 giant frogs
  A scorpion (D:7)
  4 wights
  6 killer bees
  An electric eel (D:9)
  3 crimson imps
  A goliath beetle (D:9)
  An orc priest (Orc:4)
  2 big fish (D:9)
  A jelly (D:10)
  4 orc wizards
  2 iguanas
  A mummy (D:11)
  A gnoll skeleton (D:7)
  3 green rats (Lair:1)
  A worm (D:7)
  21 orcs
  2 goblins
  A hobgoblin (D:7)
  A jackal (D:9)
  A kobold (D:7)
  A rat (Lair:4)
235 creatures vanquished.

Vanquished Creatures (others)
  5 dancing weapons
  An ice devil (Vaults:2)
  3 very ugly things
  4 skeletal warriors
  3 red wasps (Vaults:4)
  A salamander (Snake:5)
  2 sixfirhies
  An air elemental (D:12)
  A griffon (Lair:8)
  7 spiny frogs (Vaults:3)
  4 vapours (Depths:1)
  A smoke demon (Snake:5)
  2 elephants (Depths:1)
  A red devil (Vaults:3)
  A komodo dragon (Depths:3)
  2 giant fireflies
  3 polar bears
  A fire vortex (Lair:4)
  A spriggan (Depths:2)
  5 grizzly bears (Vaults:3)
  4 basilisks (Vaults:3)
  A ynoxinul (Snake:4)
  8 ugly things
  A hippogriff (Snake:5)
  A chaos spawn (D:7)
  18 vampire mosquitoes
  4 hogs
  2 wolves
  A neqoxec (Swamp:5)
  7 yaks
  A soldier ant (Vaults:3)
  A naga (Snake:5)
  An ogre skeleton (Vaults:1)
  6 black bears (Vaults:1)
  11 yellow wasps
  A boring beetle (Vaults:3)
  A centaur (Vaults:4)
  6 insubstantial wisps
  A crimson imp (Snake:3)
  An iron imp (Vaults:3)
  A hound (Snake:4)
  A quasit (Swamp:5)
  4 orange rats
  6 sheep
  A shadow imp (Swamp:1)
  A white imp (Snake:3)
  An ufetubus (Snake:3)
  3 giant spores
  1874 eldritch tentacle segments (WizLab)
  22 fungi
  21 plants
2061 creatures vanquished.

Grand Total: 4598 creatures vanquished

Notes
Turn   | Place    | Note
--------------------------------------------------------------
     0 | D:1      | Egon, the Felid Transmuter, began the quest for the Orb.
     0 | D:1      | Reached XP level 1. HP: 9/9 MP: 4/4
   356 | D:1      | Reached skill level 1 in Stealth
   545 | D:1      | Reached XP level 2. HP: 12/12 MP: 3/5
  2061 | D:1      | Reached XP level 3. HP: 12/16 MP: 6/8
  2765 | D:2      | Found a blossoming altar of Fedhas.
  3636 | D:2      | Found a blossoming altar of Fedhas.
  4963 | D:3      | Reached XP level 4. HP: 20/20 MP: 8/10
  5463 | D:3      | Upgraded the game from 0.14-a0-3563-g07d0f32 to 0.15-a0-23-gfd8676b
  5554 | D:4      | Found a shattered altar of Ashenzari.
  5740 | D:4      | Found Kierierch's Magic Scroll Emporium.
  5752 | D:4      | Bought a scroll of magic mapping for 45 gold pieces
  5794 | D:4      | Reached skill level 4 in Dodging
  5835 | D:5      | Entered Level 5 of the Dungeon
  5853 | D:4      | Bought a scroll of magic mapping for 45 gold pieces
  5905 | D:6      | Found a staircase to the Ecumenical Temple.
  5915 | Temple   | Entered the Ecumenical Temple
  6036 | D:6      | Noticed a black bear
  6065 | D:6      | Found Ceij's Food Boutique.
  6085 | D:6      | Paralysed by a giant eyeball for 3 turns
  6115 | D:6      | Noticed a black bear
  6118 | D:6      | Noticed a phantom
  6448 | D:5      | Noticed an ice beast
  6516 | D:6      | Found a radiant altar of Vehumet.
  6519 | D:6      | Found a glowing golden altar of the Shining One.
  6522 | D:6      | Found a sparkling altar of Nemelex Xobeh.
  6526 | D:6      | Became a worshipper of Nemelex Xobeh the Trickster
  6709 | D:1      | Received a gift from Nemelex Xobeh
  7141 | D:3      | Reached XP level 5. HP: 24/24 MP: 12/12
  7141 | D:3      | Acquired Nemelex Xobeh's first power
  7407 | D:3      | Reached skill level 1 in Evocations
  7988 | D:4      | Acquired Nemelex Xobeh's second power
  8098 | D:4      | Received a gift from Nemelex Xobeh
  8365 | D:5      | Noticed a centaur
  8374 | D:5      | Killed a centaur
  8374 | D:5      | Gained mutation: You are covered in thick fur (AC +2). [growing up]
  8374 | D:5      | Gained mutation: You can jump attack at a medium distance. [growing up]
  8374 | D:5      | Reached XP level 6. HP: 21/27 MP: 10/14
  8939 | D:5      | Reached skill level 5 in Evocations
  9373 | D:5      | Killed an ice beast
  9373 | D:5      | Reached skill level 6 in Evocations
  9396 | D:5      | Acquired Nemelex Xobeh's third power
  9417 | D:5      | Reached XP level 7. HP: 30/30 MP: 15/18
 10739 | D:6      | Noticed a centaur
 10739 | D:6      | Reached skill level 7 in Evocations
 10827 | D:5      | Received a gift from Nemelex Xobeh
 10868 | D:6      | Noticed a black bear
 10942 | D:6      | Killed a black bear
 10942 | D:6      | Reached skill level 8 in Evocations
 11135 | D:6      | Killed a centaur
 11135 | D:6      | Reached skill level 9 in Evocations
 11298 | D:6      | Received a gift from Nemelex Xobeh
 11300 | D:6      | Reached XP level 8. HP: 29/34 MP: 19/22
 11343 | D:6      | Killed a black bear
 11487 | D:6      | Acquired Nemelex Xobeh's fourth power
 11504 | D:6      | Killed a phantom
 11504 | D:6      | Reached skill level 10 in Evocations
 11709 | D:6      | Paralysed by a giant eyeball for 4 turns
 11718 | D:6      | Killed a black bear
 11718 | D:6      | Received a gift from Nemelex Xobeh
 11745 | D:6      | Found a staircase to the Ecumenical Temple.
 11972 | D:6      | Found a glowing golden altar of the Shining One.
 11975 | D:6      | Found a radiant altar of Vehumet.
 11975 | D:6      | Found a sparkling altar of Nemelex Xobeh.
 12056 | D:6      | Found Ceij's Food Boutique.
 12377 | D:6      | Reached skill level 5 in Dodging
 12426 | D:4      | Bought a scroll of identify for 26 gold pieces
 12890 | D:7      | Reached skill level 5 in Unarmed Combat
 12927 | D:7      | Reached XP level 9. HP: 21/39 MP: 14/24
 13402 | D:7      | Reached skill level 5 in Fighting
 13650 | D:7      | Learned a level 2 spell: Repel Missiles
 13892 | D:7      | Received a gift from Nemelex Xobeh
 14565 | D:7      | Reached skill level 5 in Stealth
 15000 | D:7      | Noticed an unseen horror
 15004 | D:7      | Killed an unseen horror
 15008 | D:7      | Received a gift from Nemelex Xobeh
 15031 | D:7      | Noticed a red wasp
 15034 | D:7      | Killed a red wasp
 15034 | D:7      | Acquired Nemelex Xobeh's fifth power
 15053 | D:7      | Noticed a cyclops
 15059 | D:7      | Killed a cyclops
 15059 | D:7      | Reached XP level 10. HP: 36/46 MP: 13/26
 15496 | D:8      | Noticed 4tharraofdagon's ghost (experienced TrMo)
 15853 | D:8      | Received a gift from Nemelex Xobeh
 16484 | D:8      | Received a gift from Nemelex Xobeh
 16493 | D:8      | Killed 4tharraofdagon's ghost
 19167 | D:9      | Received a gift from Nemelex Xobeh
 20445 | D:9      | Found a staircase to the Lair.
 20974 | D:9      | Reached XP level 11. HP: 42/52 MP: 22/27
 21084 | D:9      | Found a staircase to the Lair.
 21608 | Lair:1   | Entered Level 1 of the Lair of Beasts
 21639 | Lair:1   | Received a gift from Nemelex Xobeh
 22505 | D:7      | Received a gift from Nemelex Xobeh
 22582 | Lair:1   | Gained mutation: You are partially covered in icy blue scales (AC +1). [potion of beneficial mutation]
 22840 | D:10     | Entered Level 10 of the Dungeon
 22852 | D:10     | Noticed a hill giant
 22857 | D:10     | Killed a hill giant
 22890 | D:10     | Noticed Erica
 22909 | D:10     | Noticed a bone dragon
 23041 | Lair:1   | Learned a level 5 spell: Blade Hands
 23120 | D:10     | Noticed Psyche
 23135 | D:10     | Killed Psyche
 23628 | D:10     | Reached skill level 10 in Unarmed Combat
 24185 | D:10     | Noticed a hill giant
 24191 | D:10     | Killed a hill giant
 24908 | D:10     | Reached skill level 10 in Fighting
 25491 | D:10     | Reached skill level 10 in Dodging
 25509 | D:10     | HP: 2/55 [troll (4)]
 25960 | D:10     | Noticed an iron troll
 25960 | D:10     | Noticed a deep troll
 26344 | D:11     | Found a staircase to the Orcish Mines.
 26389 | D:11     | Gained mutation: Your thick and shaggy fur keeps you warm (AC +3, rC+). [growing up]
 26389 | D:11     | Gained mutation: You can jump attack at a long distance. [growing up]
 26389 | D:11     | Reached XP level 12. HP: 44/58 MP: 21/28
 26933 | D:11     | Received a gift from Nemelex Xobeh
 27005 | D:11     | Reached skill level 5 in Transmutations
 27224 | D:11     | Noticed an unseen horror
 27241 | D:11     | Killed an unseen horror
 27654 | D:11     | Upgraded the game from 0.15-a0-23-gfd8676b to 0.15-a0-33-ga435e27
 27787 | D:11     | Received a gift from Nemelex Xobeh
 27792 | D:11     | Killed Erica
 28139 | D:11     | Found a staircase to the Orcish Mines.
 29355 | D:12     | Received a gift from Nemelex Xobeh
 29378 | D:12     | Reached skill level 12 in Fighting
 29378 | D:12     | Reached XP level 13. HP: 61/65 MP: 27/29
 29379 | D:12     | Paralysed by a giant eyeball for 2 turns
 29454 | D:12     | Noticed a reaper
 29454 | D:12     | Noticed a reaper
 29454 | D:12     | Noticed a reaper
 29454 | D:12     | Noticed a reaper
 29456 | D:12     | Noticed a reaper
 29608 | D:12     | Noticed Sonja
 29643 | D:12     | Killed Sonja
 29643 | D:12     | Reached skill level 1 in Ice Magic
 29904 | D:12     | Noticed a seven-headed hydra
 29926 | D:12     | Noticed a pale draconian
 29926 | D:12     | a seven-headed hydra changed into a pale draconian
 29947 | D:12     | Killed a pale draconian
 30307 | D:12     | Reached skill level 10 in Transmutations
 30800 | D:12     | Received a gift from Nemelex Xobeh
 31022 | D:13     | Found a gate to the Vaults.
 31031 | D:13     | Found a portal to a secret trove of treasure.
 31337 | Lair:2   | Received a gift from Nemelex Xobeh
 32139 | Lair:2   | Received a gift from Nemelex Xobeh
 32303 | Lair:2   | Noticed a purple draconian
 32303 | Lair:2   | a five-headed hydra changed into a purple draconian
 32319 | Lair:2   | Killed a purple draconian
 32842 | Lair:2   | Reached skill level 13 in Unarmed Combat
 32989 | Lair:2   | Received a gift from Nemelex Xobeh
 33969 | Lair:3   | Received a gift from Nemelex Xobeh
 34186 | Lair:3   | Reached XP level 14. HP: 69/69 MP: 23/30
 34926 | Lair:4   | Noticed Nergalle
 34928 | Lair:4   | Killed Nergalle
 34937 | Lair:4   | Found a frozen archway.
 34947 | IceCv    | Entered an ice cave
 34947 | IceCv    | Noticed TZer0's ghost (powerful GrEE)
 35325 | Lair:4   | Found a staircase to the Snake Pit.
 35351 | Lair:4   | Received a gift from Nemelex Xobeh
 36358 | Lair:5   | Received a gift from Nemelex Xobeh
 36567 | Lair:5   | Reached skill level 14 in Unarmed Combat
 36567 | Lair:5   | Reached XP level 15. HP: 73/75 MP: 25/31
 36658 | Lair:5   | Noticed Maud
 36673 | Lair:5   | Killed Maud
 36968 | Lair:5   | Received a gift from Nemelex Xobeh
 36991 | Lair:5   | Found a staircase to the Swamp.
 38311 | Lair:7   | Received a gift from Nemelex Xobeh
 38368 | Lair:7   | Found a staircase to the Slime Pits.
 38388 | Lair:7   | Received a gift from Nemelex Xobeh
 38885 | Lair:7   | Noticed Snorg
 38907 | Lair:7   | Received a gift from Nemelex Xobeh
 38908 | Lair:7   | Killed Snorg
 39796 | Lair:8   | Entered Level 8 of the Lair of Beasts
 39852 | Lair:8   | Received a gift from Nemelex Xobeh
 40517 | Lair:8   | Received a gift from Nemelex Xobeh
 40520 | Lair:8   | Lost mutation: You are partially covered in icy blue scales (AC +1). [helix card]
 40520 | Lair:8   | Gained mutation: You are somewhat resistant to further mutation. [helix card]
 40559 | Lair:8   | Reached skill level 15 in Fighting
 40559 | Lair:8   | Reached skill level 15 in Dodging
 40559 | Lair:8   | Reached skill level 15 in Unarmed Combat
 40559 | Lair:8   | Reached XP level 16. HP: 79/81 MP: 30/32
 40996 | Lair:8   | Received a gift from Nemelex Xobeh
 41493 | Lair:8   | Received a gift from Nemelex Xobeh
 42000 | Lair:8   | Received a gift from Nemelex Xobeh
 42935 | Lair:8   | Received a gift from Nemelex Xobeh
 43547 | Lair:7   | Received a gift from Nemelex Xobeh
 43865 | D:10     | Killed a deep troll
 43881 | D:10     | Killed an iron troll
 44946 | D:12     | Reached skill level 16 in Dodging
 45829 | D:13     | Reached XP level 17. HP: 53/85 MP: 18/32
 46317 | D:13     | Received a gift from Nemelex Xobeh
 46824 | D:13     | Noticed a frost giant
 46852 | D:13     | Killed a frost giant
 47395 | D:14     | Paralysed by a wizard for 6 turns
 47577 | D:14     | Received a gift from Nemelex Xobeh
 49055 | D:15     | Entered Level 15 of the Dungeon
 50794 | D:15     | Received a gift from Nemelex Xobeh
 50800 | D:15     | Reached skill level 17 in Dodging
 50810 | D:15     | Found a staircase to the Depths.
 52462 | D:15     | Received a gift from Nemelex Xobeh
 52728 | D:15     | Found a staircase to the Depths.
 53316 | Depths:1 | Entered Level 1 of the Depths
 53384 | Depths:1 | Found an ancient bone altar of Kikubaaqudgha.
 53931 | Orc:1    | Entered Level 1 of the Orcish Mines
 53946 | Orc:1    | Received a gift from Nemelex Xobeh
 54191 | Orc:2    | Received a gift from Nemelex Xobeh
 54873 | Orc:1    | Found Gusa's Distillery.
 54874 | Orc:1    | Received a gift from Nemelex Xobeh
 54890 | Orc:1    | Bought a potion of curing for 32 gold pieces
 54985 | Orc:1    | Found a roughly hewn altar of Beogh.
 55433 | Orc:3    | Found a staircase to the Elven Halls.
 55794 | Orc:2    | Found Klyf Duso's Food Shop.
 55798 | Orc:2    | Received a gift from Nemelex Xobeh
 55944 | Orc:4    | Entered Level 4 of the Orcish Mines
 56633 | Orc:4    | Received a gift from Nemelex Xobeh
 56788 | Orc:4    | Found Qexzosad's Book Boutique.
 56815 | Orc:4    | Received a gift from Nemelex Xobeh
 56984 | Orc:4    | Found Ushael's Antique Armour Shoppe.
 57135 | Orc:4    | Received a gift from Nemelex Xobeh
 57153 | Orc:4    | Noticed a bone dragon
 57161 | Orc:4    | Found Grorpho's General Store.
 57337 | Orc:4    | Found Shraon's Antique Weapon Shop.
 57542 | Orc:4    | Received a gift from Nemelex Xobeh
 57901 | Orc:4    | Received a gift from Nemelex Xobeh
 58279 | Swamp:1  | Entered Level 1 of the Swamp
 58337 | Swamp:1  | Reached skill level 18 in Dodging
 58383 | Swamp:1  | Received a gift from Nemelex Xobeh
 59466 | Swamp:2  | Reached XP level 18. HP: 91/91 MP: 33/33
 59501 | Swamp:2  | Received a gift from Nemelex Xobeh
 59930 | Swamp:2  | Received a gift from Nemelex Xobeh
 60712 | Swamp:3  | Received a gift from Nemelex Xobeh
 61033 | Swamp:3  | Received a gift from Nemelex Xobeh
 62872 | Swamp:4  | Received a gift from Nemelex Xobeh
 63185 | Swamp:5  | Entered Level 5 of the Swamp
 63502 | Swamp:5  | Reached skill level 19 in Dodging
 63502 | Swamp:5  | Reached XP level 19. HP: 88/96 MP: 34/34
 63546 | Swamp:5  | Received a gift from Nemelex Xobeh
 64752 | Lair:1   | Received a gift from Nemelex Xobeh
 65176 | Swamp:5  | Received a gift from Nemelex Xobeh
 65450 | Swamp:5  | Reached XP level 20. HP: 94/102 MP: 31/35
 65451 | Swamp:5  | Received a gift from Nemelex Xobeh
 65533 | Swamp:5  | Noticed the 27-headed Lernaean hydra
 66006 | Swamp:5  | Received a gift from Nemelex Xobeh
 67373 | Swamp:5  | Received a gift from Nemelex Xobeh
 67394 | Swamp:5  | Reached XP level 21. HP: 104/106 MP: 29/35
 67562 | Swamp:5  | HP: 3/106 [the 27-headed Lernaean hydra (7)]
 67562 | Swamp:5  | Mangled by the 27-headed Lernaean hydra
 67563 | Swamp:5  | Reached XP level 20. HP: -8/103 MP: 0/35
 67788 | Lair:1   | Upgraded the game from 0.15-a0-33-ga435e27 to 0.15-a0-39-g424acf8
 68082 | Swamp:5  | HP: 4/103 [the 27-headed Lernaean hydra (12)]
 68082 | Swamp:5  | Mangled by the 27-headed Lernaean hydra
 68083 | Swamp:5  | Reached XP level 19. HP: -10/99 MP: 0/34
 68360 | Snake:1  | Entered Level 1 of the Snake Pit
 68728 | Snake:1  | Found an ancient bone altar of Kikubaaqudgha.
 68766 | Snake:1  | Received a gift from Nemelex Xobeh
 69600 | Snake:2  | Reached skill level 20 in Dodging
 70136 | Snake:2  | Noticed Psiweapon's ghost (powerful DsTm)
 70157 | Snake:2  | Killed Psiweapon's ghost
 71161 | Snake:3  | Received a gift from Nemelex Xobeh
 72013 | Snake:3  | Received a gift from Nemelex Xobeh
 72747 | Snake:4  | Noticed Vashnia
 72785 | Snake:4  | Killed Vashnia
 73190 | Snake:3  | Received a gift from Nemelex Xobeh
 74062 | Snake:3  | Reached XP level 20. HP: 104/104 MP: 29/35
 74075 | Snake:3  | Reached XP level 21. HP: 108/108 MP: 20/35
 74375 | Snake:4  | Received a gift from Nemelex Xobeh
 74540 | Snake:3  | Paralysed by a potion of paralysis for 2 turns
 74786 | Snake:4  | Received a gift from Nemelex Xobeh
 75043 | Snake:4  | Received a gift from Nemelex Xobeh
 75082 | Snake:4  | Found Ewkown's Antique Armour Emporium.
 75354 | Snake:4  | Noticed Azrael
 75366 | Snake:4  | Killed Azrael
 75439 | Snake:4  | Received a gift from Nemelex Xobeh
 75618 | Snake:4  | Received a gift from Nemelex Xobeh
 75826 | Snake:4  | Reached skill level 10 in Stealth
 76320 | Snake:5  | Entered Level 5 of the Snake Pit
 76410 | Snake:5  | Found a white marble altar of Elyvilon.
 76425 | Snake:5  | Received a gift from Nemelex Xobeh
 77562 | Snake:5  | Received a gift from Nemelex Xobeh
 78139 | Snake:5  | Received a gift from Nemelex Xobeh
 78702 | Snake:5  | Received a gift from Nemelex Xobeh
 78710 | Snake:5  | Reached skill level 21 in Dodging
 79213 | Snake:5  | Received a gift from Nemelex Xobeh
 79512 | Snake:5  | Received a gift from Nemelex Xobeh
 79599 | Snake:5  | Reached XP level 22. HP: 114/114 MP: 34/36
 79815 | Snake:5  | Received a gift from Nemelex Xobeh
 80612 | Snake:5  | Received a gift from Nemelex Xobeh
 81194 | Snake:5  | Found a white marble altar of Elyvilon.
 81219 | Snake:5  | Received a gift from Nemelex Xobeh
 81631 | Snake:5  | Reached skill level 1 in Invocations
 82442 | Snake:5  | Received a gift from Nemelex Xobeh
 82454 | Snake:5  | HP: 5/115 [anaconda (3)]
 82459 | Snake:5  | HP: 2/115 [anaconda (3)]
 83061 | Snake:5  | Reached XP level 23. HP: 112/118 MP: 36/36
 83085 | Snake:5  | Received a gift from Nemelex Xobeh
 83570 | Snake:5  | Got a serpentine rune of Zot
 84028 | Snake:5  | Found a white marble altar of Elyvilon.
 84796 | Vaults:1 | Entered Level 1 of the Vaults
 84942 | Vaults:1 | Received a gift from Nemelex Xobeh
 85242 | Vaults:1 | Received a gift from Nemelex Xobeh
 85620 | Vaults:1 | Received a gift from Nemelex Xobeh
 85908 | Vaults:1 | Identified a scroll of acquirement
 85909 | Vaults:1 | Got a sparkling bronze ring
 86118 | Vaults:1 | Received a gift from Nemelex Xobeh
 86398 | Vaults:1 | Received a gift from Nemelex Xobeh
 86515 | Vaults:1 | Received a gift from Nemelex Xobeh
 87087 | Vaults:1 | Received a gift from Nemelex Xobeh
 88369 | Vaults:2 | Received a gift from Nemelex Xobeh
 88399 | Vaults:2 | Found Mnahuis' Antique Weapon Shop.
 88563 | Vaults:2 | Found a staircase to the Crypt.
 88603 | Vaults:2 | Found a magical portal.
 88610 | WizLab   | Entered a wizard's laboratory
 88614 | WizLab   | Found a corrupted altar of Lugonu.
 88921 | WizLab   | Identified the ring of Crij {Wiz MR+} (You acquired it on level 1 of the Vaults)
 89471 | WizLab   | Received a gift from Nemelex Xobeh
 90028 | WizLab   | Identified the Handbook of Orientation
 90769 | Vaults:2 | Received a gift from Nemelex Xobeh
 91286 | Vaults:2 | Received a gift from Nemelex Xobeh
 91895 | Vaults:2 | Received a gift from Nemelex Xobeh
 92135 | Vaults:2 | Received a gift from Nemelex Xobeh
 92961 | Vaults:2 | Found a staircase to the Crypt.
 93033 | Vaults:2 | Found Mnahuis' Antique Weapon Shop.
 93572 | Vaults:3 | Received a gift from Nemelex Xobeh
 93744 | Vaults:3 | HP: 4/120 [vault warden/runed battleaxe (58)]
 93750 | Vaults:3 | Received a gift from Nemelex Xobeh
 94230 | Vaults:3 | Received a gift from Nemelex Xobeh
 94489 | Vaults:3 | Received a gift from Nemelex Xobeh
 94638 | Vaults:3 | Reached skill level 22 in Dodging
 94650 | Vaults:3 | Received a gift from Nemelex Xobeh
 95106 | Vaults:3 | Received a gift from Nemelex Xobeh
 95228 | Vaults:3 | Received a gift from Nemelex Xobeh
 95499 | Vaults:3 | Received a gift from Nemelex Xobeh
 95556 | Vaults:3 | Reached XP level 24. HP: 76/125 MP: 31/37
 95575 | Vaults:3 | Received a gift from Nemelex Xobeh
 95905 | Vaults:3 | Received a gift from Nemelex Xobeh
 96675 | Vaults:3 | Received a gift from Nemelex Xobeh
 96926 | Vaults:3 | Received a gift from Nemelex Xobeh
 96985 | Vaults:3 | Received a gift from Nemelex Xobeh
 97101 | Vaults:3 | Received a gift from Nemelex Xobeh
 97444 | Vaults:3 | Received a gift from Nemelex Xobeh
 98012 | Vaults:3 | Received a gift from Nemelex Xobeh
 98230 | Vaults:3 | Received a gift from Nemelex Xobeh
100197 | Vaults:4 | Received a gift from Nemelex Xobeh
100869 | Vaults:4 | Found Ushiserarics' Armour Shop.
100899 | Vaults:4 | Received a gift from Nemelex Xobeh
101519 | Vaults:4 | Received a gift from Nemelex Xobeh
101897 | Vaults:4 | Received a gift from Nemelex Xobeh
102310 | Vaults:4 | Found a staircase to the Hall of Blades.
102347 | Vaults:4 | Received a gift from Nemelex Xobeh
102590 | Vaults:4 | Reached skill level 5 in Spellcasting
102590 | Vaults:4 | Reached XP level 25. HP: 125/125 MP: 35/38
102806 | Vaults:4 | Annihilated by a frost giant
102807 | Vaults:4 | Reached XP level 24. HP: -29/121 MP: 31/37
103100 | Lair:1   | Upgraded the game from 0.15-a0-39-g424acf8 to 0.15-a0-58-gfb3cfe9
103322 | Vaults:4 | Received a gift from Nemelex Xobeh
104634 | Depths:1 | Reached skill level 23 in Dodging
104780 | Depths:1 | Found a gateway to Hell.
105012 | Depths:1 | Received a gift from Nemelex Xobeh
105239 | Depths:1 | Received a gift from Nemelex Xobeh
105455 | Depths:1 | Found a gateway to a ziggurat.
105546 | Depths:1 | Found a one-way gate leading to the halls of Pandemonium.
106234 | Depths:1 | Found a gateway to Hell.
106410 | Depths:1 | Found an ancient bone altar of Kikubaaqudgha.
106529 | Depths:1 | Found a gateway to a ziggurat.
106624 | Depths:1 | Found a one-way gate leading to the halls of Pandemonium.
107163 | Depths:2 | Noticed the Enchantress
107163 | Depths:2 | Received a gift from Nemelex Xobeh
107289 | Depths:2 | Noticed Agnes
107292 | Depths:2 | Killed Agnes
107438 | Depths:2 | Killed the Enchantress
107878 | Depths:1 | Received a gift from Nemelex Xobeh
107993 | Depths:2 | Found Freyd's Armour Emporium.
108088 | Depths:2 | Received a gift from Nemelex Xobeh
108099 | Depths:2 | Found Cais' Food Boutique.
108116 | Depths:2 | Gained mutation: Your body is misshapen. [helix card]
108139 | Depths:1 | Reached skill level 10 in Charms
108139 | Depths:1 | Reached XP level 25. HP: 99/131 MP: 24/38
108596 | Depths:2 | Received a gift from Nemelex Xobeh
108950 | Depths:2 | Found Laehet's Antique Armour Shoppe.
109030 | Depths:2 | Noticed Saint Roka
109736 | Depths:2 | Received a gift from Nemelex Xobeh
110019 | Lair:1   | Learned a level 6 spell: Haste
110292 | Depths:2 | Found Ucoistya's Book Boutique.
110300 | Depths:2 | Bought a book of the Dragon for 1890 gold pieces
110300 | Depths:2 | Bought a book of Minor Magic for 420 gold pieces
110304 | Depths:2 | Learned a level 2 spell: Blink
110306 | Depths:2 | Learned a level 1 spell: Magic Dart
110366 | Depths:2 | Received a gift from Nemelex Xobeh
110507 | Depths:2 | Killed Saint Roka
110536 | Depths:2 | Found Ylixinil's Distillery.
110562 | Depths:2 | Bought a potion of mutation for 35 gold pieces
110847 | Depths:3 | Slain by an Ice Fiend
110848 | Depths:3 | Reached XP level 24. HP: -1/127 MP: 37/37
110969 | Depths:3 | Received a gift from Nemelex Xobeh
111164 | Depths:3 | Received a gift from Nemelex Xobeh
111464 | Depths:3 | Reached skill level 24 in Dodging
111895 | Depths:3 | Received a gift from Nemelex Xobeh
111927 | Depths:3 | Reached XP level 25. HP: 59/131 MP: 36/38
111942 | Depths:3 | Slain by a stone giant

Action                   |  1- 3 |  4- 6 |  7- 9 | 10-12 | 13-15 | 16-18 | 19-21 | 22-24 | 25-27 || total
-------------------------+-------+-------+-------+-------+-------+-------+-------+-------+-------++-------
Melee: Unarmed           |   166 |   160 |   320 |  1066 |   777 |  1590 |   911 |  1447 |   258 ||  6695
 Cast: Beastly Appendage |    43 |    34 |    44 |   135 |    25 |    72 |    32 |     8 |     1 ||   394
       Repel Missiles    |       |       |     2 |     6 |     2 |     7 |    10 |    15 |     1 ||    43
       Blade Hands       |       |       |       |       |    58 |    96 |    68 |   148 |    23 ||   393
       Haste             |       |       |       |       |       |       |       |     1 |     1 ||     2
Invok: Draw One          |       |     7 |    43 |    67 |   103 |   121 |   147 |   306 |    19 ||   813
       Stack Five        |       |       |       |       |     2 |     1 |     3 |     3 |     1 ||    10
       Triple Draw       |       |       |       |       |     1 |     1 |     9 |     7 |     3 ||    21
       Deal Four         |       |       |       |       |       |       |     1 |       |       ||     1
 Abil: Jump Attack       |    11 |     5 |     7 |    27 |    13 |    39 |    39 |    64 |    12 ||   217
       End Transformatio |       |       |       |       |     2 |     3 |     2 |     3 |     1 ||    11
       Evoke Flight      |       |       |       |       |       |       |       |     1 |       ||     1
Evoke: Deck              |       |     6 |       |       |     1 |     3 |     1 |       |     3 ||    14
       Wand              |       |       |     1 |    11 |    14 |    16 |     5 |     6 |     1 ||    54
       Fan of gales      |       |       |       |     1 |     1 |       |       |       |       ||     2
  Use: Scroll            |       |    15 |     4 |     5 |     7 |    12 |     4 |    10 |     2 ||    59
       Potion            |       |       |       |     1 |       |     6 |     3 |     6 |       ||    16
 Stab: Sleeping          |     2 |     4 |     3 |    19 |    12 |    32 |    10 |    16 |     1 ||    99
       Distracted        |       |       |     1 |     7 |     1 |     6 |    11 |    12 |     3 ||    41
       Invisible         |       |       |       |       |       |    16 |       |       |     2 ||    18
       Confused          |       |       |       |       |       |     1 |       |       |       ||     1
       Paralysed         |       |       |       |       |       |       |       |     1 |       ||     1
